 Dungeon Crawl Stone Soup version 0.14.0-7-g2801ba0 (webtiles) character file.

1199 Scytale the Conjurer (level 8, 0/41 HPs)
             Began as a Tengu Fire Elementalist on Apr 12, 2014.
             Was a Believer of Vehumet.
             Killed from afar by an orc wizard (9 damage)
             ... with a magic dart
             ... on Level 5 of the Dungeon.
             The game lasted 00:30:44 (5864 turns).

Scytale the Conjurer (Tengu Fire Elementalist)      Turns: 5864, Time: 00:30:44

HP   0/41        AC  9     Str  9      XL: 8   Next: 23%
MP   4/19        EV 13     Int 18      God: Vehumet [**....]
Gold 172         SH  0     Dex 14      Spells:  3 memorised,  6 levels left

rFire  . . .     SeeInvis .     h - +2,+1 trident (venom)
rCold  . . .     Clarity  .     v - +1 leather armour {rN+} (curse)
rNeg   + . .     Conserve .     (no shield)
rPois  .         rCorr    .     (helmet restricted)
rElec  .         rRot     .     D - +0 cloak
SustAb . .       Spirit   .     I - +0 pair of gloves
rMut   .         Warding  .     (boots unavailable)
Saprov . . .     Stasis   .     z - amulet of faith
MR     .....                    u - +3 ring of protection
                                e - +2 ring of evasion

@: very slightly contaminated, slowed, very slow, not resistant to hostile
enchantments, fairly stealthy
A: able to fly, beak, talons 3
a: Fly, Renounce Religion


You were on level 5 of the Dungeon.
You worshipped Vehumet.
Vehumet was pleased with you.
You were hungry.

You visited 2 branches of the dungeon, and saw 6 of its levels.

You collected 172 gold pieces.

Inventory:

Hand weapons
 h - a +2,+1 trident of venom (weapon)
 L - a +0 blowgun
Missiles
 o - 27 darts
 x - 3 darts of frost
 G - 6 needles of confusion
 M - 5 poisoned needles
 Q - 7 exploding darts
 R - 4 tomahawks of returning
 T - 2 tomahawks (quivered)
Armour
 a - a +0 robe
 v - a cursed +1 leather armour of positive energy (worn)
 y - a +0 buckler
 D - a +0 cloak (worn)
 I - a +0 pair of gloves (worn)
Magical devices
 q - a wand of frost (13)
Comestibles
 c - 3 bread rations
 H - 2 meat rations
 J - a chunk of giant gecko flesh
 N - an apple
Scrolls
 g - a scroll of amnesia {unknown}
 i - 9 scrolls of identify {unknown}
 B - 2 scrolls of enchant weapon II
 K - a scroll of enchant weapon I {unknown}
 P - a scroll of remove curse {unknown}
Jewellery
 e - a +2 ring of evasion (left hand)
 u - a +3 ring of protection (right hand)
 z - an amulet of faith (around neck)
 C - an uncursed ring of poison resistance {unknown}
Potions
 d - a potion of brilliance {unknown}
 j - a potion of invisibility {unknown}
 l - a potion of heal wounds {unknown}
 m - 2 potions of might {unknown}
 n - 4 potions of lignification {unknown}
 r - a potion of restore abilities {unknown}
 w - a potion of paralysis {unknown}
 A - a potion of resistance {unknown}
 E - 2 potions of porridge
 O - a potion of magic {unknown}
 S - a potion of berserk rage {unknown}
Books
 b - a book of Flames

   Spells                             Type                      Level
   *Flame Tongue                      Conjuration/Fire             1
   Throw Flame                        Conjuration/Fire             2
   *Conjure Flame                     Conjuration/Fire             3
   Inner Flame                        Hexes/Fire                   3
   *Sticky Flame                      Conjuration/Fire             4
   Fireball                           Conjuration/Fire             5
 f - a book of Wizardry

   Spells                             Type                      Level
   Summon Elemental                   Summoning                    4
   Agony                              Necromancy                   5
   Force Lance                        Conjuration                  5
   Haste                              Charms                       6
   Invisibility                       Hexes                        6
   Spellforged Servitor               Conjuration/Summoning        7


   Skills:
 - Level 2.1 Dodging
 - Level 2.0 Stealth
 + Level 3.5 Spellcasting
 + Level 8.7 Conjurations
 - Level 7.0 Fire Magic


You had 6 spell levels left.
You knew the following spells:

 Your Spells              Type           Power        Failure   Level  Hunger
a - Flame Tongue          Conj/Fire      ####.        1%          1    None
b - Conjure Flame         Conj/Fire      ####....     1%          3    ###....
c - Sticky Flame          Conj/Fire      ####....     8%          4    ####...


Dungeon Overview and Level Annotations

Branches:
Dungeon (5/15)             Temple (1/1) D:4

Altars:
Cheibriados
Dithmenos
Elyvilon
Fedhas
Kikubaaqudgha
Makhleb
Nemelex Xobeh
Sif Muna
Trog
Vehumet
Xom
Zin
The Shining One

Annotations:
D:5 Pikel


Innate Abilities, Weirdness & Mutations

You can fly.
You have a beak for a mouth.
You have claws for feet.


Message History

The orc wizard casts a spell at you. The magic dart hits you!
The orc wizard is no longer moving quickly.
The orc wizard casts a spell.
The orc wizard seems to speed up.
The orc wizard casts a spell.
The orc wizard blinks!
The orc wizard hits you but does no damage.
Pikel cracks his whip.
The orc wizard casts a spell at you. The magic dart hits you!
* * * LOW HITPOINT WARNING * * *
The orc wizard closely misses you.
The orc wizard casts a spell.
The orc wizard blinks!
The orc wizard casts a spell.
The orc wizard blinks!
The orc wizard gestures at you while chanting.
The magic dart hits you!
You die...

* #.##...## ***** *****.. *
#.###...# *,,,********.,
*#######.###...#####,,,*,,,,,,,,,
.....................,,,,,,,,,,,,
*#####...#########..,***,,,,,,,,,
#...# *,,,* ********** ###.##
*,,, #.>)#######################
#........§@.§K@@.....§..§@.
#...######...############@. #####
#.o.# *,. ##### ***


You could see Pikel (inner flame), 2 slaves and an orc wizard (inner flame).

Vanquished Creatures
  Grinder (D:3)
  Menkaure (D:4)
  2 slaves (D:5)
  An ogre (D:5)
  2 scorpions
  A hound (D:5)
  An orc priest (D:5)
  Natasha (twice) (D:3)
  5 orc wizards
  A worker ant (D:3)
  3 gnolls (D:4)
  7 adders
  3 giant mites
  4 giant geckos
  An ooze (D:2)
  20 orcs
  2 ball pythons
  7 bats
  7 giant cockroaches
  11 goblins
  18 hobgoblins
  16 jackals
  9 kobolds
  7 giant newts
  2 goblin skeletons (D:5)
  3 quokkas
  4 rats
141 creatures vanquished.

Vanquished Creatures (others)
  Natasha (D:3)
1 creature vanquished.

Grand Total: 142 creatures vanquished

Notes
Turn   | Place    | Note
--------------------------------------------------------------
     0 | D:1      | Scytale, the Tengu Fire Elementalist, began the quest for the Orb.
     0 | D:1      | Reached XP level 1. HP: 10/10 MP: 3/3
    31 | D:1      | Reached XP level 2. HP: 13/15 MP: 0/5
   365 | D:1      | Reached XP level 3. HP: 10/19 MP: 0/7
   551 | D:1      | Learned a level 3 spell: Conjure Flame
   618 | D:1      | Reached skill level 4 in Fire Magic
  1107 | D:2      | Reached XP level 4. HP: 22/24 MP: 3/8
  1879 | D:2      | Found a glowing silver altar of Zin.
  1879 | D:2      | Found a bloodstained altar of Trog.
  2118 | D:2      | Found a sparkling altar of Nemelex Xobeh.
  2138 | D:2      | Found a blossoming altar of Fedhas.
  2425 | D:3      | Reached XP level 5. HP: 28/28 MP: 2/11
  2496 | D:3      | Reached skill level 5 in Fire Magic
  2685 | D:3      | Noticed Natasha
  2689 | D:3      | Killed Natasha
  2891 | D:3      | Noticed Natasha
  2891 | D:3      | Noticed Grinder
  2891 | D:3      | Paralysed by Grinder for 7 turns
  2907 | D:3      | Killed Natasha
  3100 | D:4      | Reached skill level 5 in Conjurations
  3100 | D:4      | Reached XP level 6. HP: 18/32 MP: 5/12
  3106 | D:4      | Learned a level 4 spell: Sticky Flame
  3305 | D:4      | Found a staircase to the Ecumenical Temple.
  3315 | Temple   | Entered the Ecumenical Temple
  3459 | Temple   | Became a worshipper of Vehumet
  3559 | D:4      | Noticed Menkaure
  3942 | D:4      | Killed Menkaure
  3942 | D:4      | Reached skill level 6 in Conjurations
  4338 | D:3      | Noticed Natasha
  4347 | D:3      | Killed Natasha
  4360 | D:3      | Acquired Vehumet's first power
  4360 | D:3      | Offered knowledge of Sting by Vehumet.
  4360 | D:3      | Reached XP level 7. HP: 25/36 MP: 3/14
  4758 | D:3      | Killed Grinder
  4758 | D:3      | Reached skill level 7 in Conjurations
  5150 | D:4      | Found a shimmering altar of Xom.
  5198 | D:5      | Entered Level 5 of the Dungeon
  5397 | D:5      | Reached skill level 8 in Conjurations
  5521 | D:5      | Reached XP level 8. HP: 30/41 MP: 9/18
  5642 | D:4      | Offered knowledge of Magic Dart by Vehumet.
  5826 | D:5      | Noticed Pikel
  5857 | D:5      | HP: 1/41 [orc wizard/magic dart (7)]
  5864 | D:5      | Killed from afar by an orc wizard

Action                   |  1- 3 |  4- 6 |  7- 9 || total
-------------------------+-------+-------+-------++-------
Melee: Unarmed           |     1 |     1 |       ||     2
       Trident           |       |       |     1 ||     1
Throw: Stone             |    61 |    67 |     2 ||   130
       Dart              |       |    12 |    26 ||    38
       Tomahawk          |       |    16 |    29 ||    45
 Cast: Flame Tongue      |    58 |   112 |    91 ||   261
       Conjure Flame     |       |     7 |     3 ||    10
       Sticky Flame      |       |     1 |     3 ||     4
  Use: Potion            |       |       |     3 ||     3
       Scroll            |       |       |     5 ||     5
